 Dungeon Crawl Stone Soup version 0.24.0-7-gb3623d2c88 (webtiles) character file.

Game seed: 14229007548762945491, levelgen mode: deterministic

2223 Furryfag69 the Cleaver (level 9, -1/78 HPs)
             Began as a Minotaur Berserker on Nov 3, 2019.
             Was a Priest of Trog.
             Slain by a killer bee (5 damage)
             ... on level 8 of the Dungeon.
             The game lasted 00:11:17 (5242 turns).

Furryfag69 the Cleaver (Minotaur Berserker)         Turns: 5242, Time: 00:11:17

Health: -1/78      AC:  3    Str: 24    XL:     9   Next: 13%
Magic:  8/8        EV: 14    Int:  4    God:    Trog [***...]
Gold:   172        SH:  0    Dex: 11    Spells: 8/8 levels left

rFire    . . .     SeeInvis .   a - +1 hand axe
rCold    . . .     Gourm    .   (no shield)
rNeg     . . .     Faith    .   b - +1 animal skin
rPois    .         Spirit   .   (helmet restricted)
rElec    .         Reflect  .   (no cloak)
rCorr    .         Harm     .   (no gloves)
MR       +....                  (no boots)
Stlth    ++........             (no amulet)
HPRegen  0.23/turn              n - ring of protection from magic
MPRegen  0.11/turn              (no ring)

@: berserk cooldown, slowed, very slow
A: retaliatory headbutt, horns 2
a: Berserk, Trog's Hand, Renounce Religion


You were on level 8 of the Dungeon.
You worshipped Trog.
Trog was most pleased with you.
You were not hungry.

You visited 1 branch of the dungeon, and saw 7 of its levels.

You collected 172 gold pieces.

Inventory:

Hand Weapons
 a - a +1 hand axe (weapon)
Armour
 b - a +1 animal skin (worn)
Jewellery
 n - a ring of protection from magic (left hand)
 r - a +4 amulet of reflection {unknown}
Wands
 i - a wand of digging (5)
 l - a wand of enslavement (16)
 o - a wand of flame (30)
 s - a wand of scattershot (6)
Potions
 d - 3 potions of curing
 e - a potion of flight
 f - a potion of magic
 h - a potion of ambrosia {unknown}
 j - a potion of brilliance {unknown}
 k - a potion of might {unknown}
 m - 2 potions of resistance {unknown}
 p - a potion of agility {unknown}
 q - 2 potions of heal wounds {unknown}
Comestibles
 c - 5 rations


   Skills:
 + Level 6.5 Fighting
 * Level 11.9 Axes
 + Level 2.4 Armour
 + Level 5.0 Dodging
 + Level 3.0 Stealth


You had 8 spell levels left.
You didn't know any spells.
Your spell library was empty.

Dungeon Overview and Level Annotations

Branches:
Dungeon (8/15)             Temple (0/1) D:4
   Lair: D:8-11

Altars:
Cheibriados
Elyvilon
Fedhas

Shops:
D:4 !


Innate Abilities, Weirdness & Mutations

You reflexively headbutt those who attack you in melee.
You have a pair of horns on your head.


Message History

The arrow closely misses you.
The orc wizard gestures at you while chanting.
The puff of flame misses you.
You slash the orc wizard!
You kill the orc wizard!
Trog accepts your kill.
Trog appreciates your killing of a magic user.
You barely miss the adder. The adder barely misses you.
The centaur shoots an arrow.
The arrow hits you!
* * * LOW HITPOINT WARNING * * *
The adder misses you.
The centaur shoots an arrow.
The arrow hits you.
* * * LOW HITPOINT WARNING * * *
The adder closely misses you.
The centaur shoots an arrow.
The arrow hits you!
* * * LOW HITPOINT WARNING * * *
The adder completely misses you. You furiously retaliate!
You headbutt the adder.
You climb downwards.
The killer bee closely misses you. The killer bee stings you.
You die...

#####<##
#@Syy..#
#y###.#.#
#.# #5#
#.. ###


You could see 3 killer bees, a crimson imp and an adder.

Vanquished Creatures
  Joseph (D:7)
  A hippogriff (D:7)
  Sigmund (D:2)
  A hungry ghost (D:4)
  Duvessa (D:6)
  A sky beast (D:5)
  An ice beast (D:5)
  An orc warrior (D:7)
  2 ogres
  A phantom (D:4)
  Dowan (D:6)
  2 howler monkeys (D:4)
  A crimson imp (D:6)
  A bullfrog zombie (D:5)
  A bullfrog skeleton (D:5)
  An iron imp (D:7)
  2 orc priests
  A hound (D:6)
  3 orc wizards
  Ijyb (D:4)
  2 iguanas
  4 worker ants
  A worker ant zombie (D:5)
  5 gnolls
  5 adders
  An ooze (D:1)
  2 worms
  A dart slug (D:2)
  6 leopard geckos
  8 orcs
  3 giant cockroaches
  9 hobgoblins
  3 jackals (D:4)
  3 quokkas
  2 ball pythons (D:5)
  4 bats
  2 frilled lizards (D:2)
  8 goblins
  8 kobolds
  A quokka zombie (D:5)
  5 rats
108 creatures vanquished.

Vanquished Creatures (others)
  A quokka (D:4)
1 creature vanquished.

Grand Total: 109 creatures vanquished

Notes
Turn   | Place    | Note
-------+----------+-------------------------------------------
     0 | D:1      | Furryfag69 the Minotaur Berserker began the quest for the
                  | Orb.
     0 | D:1      | Reached XP level 1. HP: 19/19 MP: 0/0
    43 | D:1      | Reached skill level 4 in Axes
   101 | D:1      | Reached XP level 2. HP: 21/27 MP: 1/1
   470 | D:1      | Reached XP level 3. HP: 29/33 MP: 2/2
  1005 | D:1      | Reached ** piety under Trog
  1110 | D:2      | Reached skill level 5 in Axes
  1263 | D:2      | Reached XP level 4. HP: 32/41 MP: 3/3
  1283 | D:2      | Noticed Sigmund
  1296 | D:2      | Killed Sigmund
  1296 | D:2      | Reached skill level 6 in Axes
  1296 | D:2      | Reached XP level 5. HP: 32/47 MP: 4/4
  1980 | D:2      | You fall into a shaft and drop 2 floors!
  2162 | D:4      | Noticed a hungry ghost
  2192 | D:4      | Killed a hungry ghost
  2192 | D:4      | Reached skill level 7 in Axes
  2192 | D:4      | Reached skill level 1 in Stealth
  2192 | D:4      | Reached XP level 6. HP: 35/55 MP: 5/5
  2249 | D:4      | Found a white marble altar of Elyvilon.
  2257 | D:4      | Found Onlomm's Distillery.
  2266 | D:4      | Reached skill level 5 in Fighting
  2274 | D:4      | Reached skill level 8 in Axes
  2514 | D:4      | Reached XP level 7. HP: 57/61 MP: 6/6
  2521 | D:4      | Found a staircase to the Ecumenical Temple.
  2563 | D:4      | Noticed Ijyb
  2573 | D:4      | Killed Ijyb
  2836 | D:4      | Reached skill level 9 in Axes
  3322 | D:5      | Entered Level 5 of the Dungeon
  3618 | D:5      | Reached *** piety under Trog
  3728 | D:5      | Reached skill level 10 in Axes
  3728 | D:5      | Reached XP level 8. HP: 70/70 MP: 7/7
  3959 | D:5      | Found a blossoming altar of Fedhas.
  4639 | D:6      | Noticed Duvessa
  4639 | D:6      | Noticed Dowan
  4648 | D:6      | Killed Duvessa
  4654 | D:6      | Killed Dowan
  4943 | D:7      | Noticed Joseph
  4953 | D:7      | Killed Joseph
  4953 | D:7      | Reached skill level 11 in Axes
  4956 | D:7      | Found a snail-covered altar of Cheibriados.
  4967 | D:7      | Noticed a hippogriff
  4977 | D:7      | Killed a hippogriff
  4977 | D:7      | Reached XP level 9. HP: 13/78 MP: 8/8
  4989 | D:7      | Reached skill level 5 in Dodging
  5241 | D:7      | HP: 3/78 [centaur/arrow (11)]
  5242 | D:8      | Slain by a killer bee

Levels and vault maps discovered:
D:1:      doesnt_arrival_eight_statues, layout_basic
D:2:      layout_basic, serial_curves, eino_curves_03, eino_curves_02,
          uniq_sigmund
D:4:      layout_cave_pods, temple_hall, serial_shops, kennysheep_mini,
          solitary_fountain, hangedman_abyss_or_decor_passed, elyvilon_altar_4,
          uniq_ijyb
D:5:      layout_cave_pools, first_ration, fedhas_altar_fruit_tree
D:6:      layout_loops_ring, lemuel_flamethrower_2, uniq_duvessa
D:7:      layout_cave_pools, slow_altar_1, serial_gnoll_camp,
          gnoll_camp_medium_01, gnoll_camp_mini_loothouse, gnoll_camp_mini_shop,
          gnoll_camp_mini_doghouse, uniq_joseph
D:8:      layout_loops_cross, dpeg_oklobed_lair, dk_noncrumbling_4

Skill      XL: |  1  2  3  4  5  6  7  8  9 |
---------------+----------------------------+-----
Axes           | 4 5 6 7 8 10 11 | 11.9
Fighting       | 4 5 6 |  6.5
Stealth        | 1 2 3 |  3.0
Dodging        | 3 4 5 |  5.0
Armour         | |  2.4

Action                   |  1- 3 |  4- 6 |  7- 9 || total
-------------------------+-------+-------+-------++-------
Melee: Hand axe          |    91 |    63 |   150 ||   304
       Headbutt          |     8 |     6 |    36 ||    50
Invok: Berserk           |       |     2 |     7 ||     9
  Use: Scroll            |     4 |     5 |     1 ||    10
       Potion            |       |       |     4 ||     4
 Stab: Sleeping          |       |       |     2 ||     2
       Distracted        |       |       |     2 ||     2
  Eat: Chunk             |     1 |       |       ||     1
       Ration            |       |     3 |     4 ||     7
Armor: Animal skin       |    21 |    12 |    10 ||    43
       Skin              |       |       |     1 ||     1
Dodge: Dodged            |    54 |    39 |    85 ||   178
